 Dungeon Crawl Stone Soup version 0.23-a0-241-g3b46b07 (console) character file.

3238 nht the Slicer (level 9, -7/54 HPs)
             Began as an Octopode Assassin on Sept 26, 2018.
             Was an Initiate of Ashenzari.
             Mangled by an orc warrior
             ... wielding a +0 trident
              (18 damage)
             ... in a bailey.
             The game lasted 00:17:40 (7115 turns).

nht the Slicer (Octopode Assassin)                  Turns: 7115, Time: 00:17:41

Health: -7/54      AC:  4    Str: 12    XL:     9   Next: 99%
Magic:  7/9        EV: 16    Int: 17    God:    Ashenzari [......]
Gold:   453        SH:  7    Dex: 15    Spells: 7/8 levels left

rFire    . . .     SeeInvis +   a - +2 whip (elec)
rCold    . . .     Gourm    .   j - +2 buckler (curse)
rNeg     . . .     Faith    .   F - +3 crown of Dyrovepreva {rElec Int+2 SInv} (curse)
rPois    +         Spirit   .   (no amulet)
rElec    +         Reflect  .   p - ring of wizardry (curse)
rCorr    .         Harm     .   u - ring of flight (curse)
MR       +....                  w - ring of poison resistance (curse)
Stlth    +++++.....             z - +2 ring of strength
HPRegen  0.18/turn              A - ring of protection from magic (curse)
MPRegen  0.11/turn              (no ring)
                                (no ring)
                                (no ring)

@: very slightly contaminated
A: almost no armour, stealthy swim, amphibious, 8 rings, constrict 8, camouflage
1, gelatinous body 1
a: Curse Item, Renounce Religion, Evoke Flight


You were in a bailey.
You worshipped Ashenzari.
Ashenzari was noncommittal.
You were hungry.

You visited 2 branches of the dungeon, and saw 9 of its levels.
You also visited: Ossuary and Bailey.

You collected 453 gold pieces.

Inventory:

Hand Weapons
 a - a +2 whip of electrocution (weapon)
 b - a +2 dagger of speed
 l - a +0 blowgun
 B - a +3 hand axe
 G - a +3 dagger
Missiles
 c - 38 poisoned needles
 d - 2 curare-tipped needles
 g - 7 javelins (quivered)
 r - 10 tomahawks
 I - 264 stones
Armour
 j - a cursed +2 buckler (worn)
 F - the cursed +3 crown of Dyrovepreva (worn) {rElec Int+2 SInv}
   (You found it on level 5 of the Dungeon)

   It affects your intelligence (+2).
   It insulates you from electricity.
   It lets you see invisible.
   It has a curse placed upon it.
Jewellery
 p - a cursed ring of wizardry (left tentacle)
 u - a cursed ring of flight (right tentacle)
 w - a cursed ring of poison resistance (on tentacle)
 z - a +2 ring of strength (on tentacle)
 A - a cursed ring of protection from magic (on tentacle)
Wands
 e - a wand of acid (7)
Scrolls
 m - a scroll of fog
 n - 2 scrolls of teleportation
 q - 2 scrolls of immolation
 v - 3 scrolls of identify
 x - a scroll of blinking
 y - 2 scrolls of amnesia
Potions
 h - a potion of ambrosia
 i - 6 potions of curing
 k - a potion of mutation
 o - 3 potions of agility
 s - 3 potions of resistance
 t - a potion of might
 C - a potion of invisibility
 D - 3 potions of flight
 E - a potion of heal wounds
 J - a potion of lignification
Comestibles
 f - 13 rations


   Skills:
 - Level 2.0 Fighting
 - Level 10.0 Short Blades
 + Level 5.5 Maces & Flails
 - Level 2.0 Throwing
 - Level 5.4 Dodging
 - Level 7.0 Stealth
 - Level 4.0 Shields
 + Level 0.3 Earth Magic


You had 7 spell levels left.
You knew the following spells:

 Your Spells              Type           Power        Failure   Level  Hunger
a - Sandblast             Erth           #.....       9%          1    ##.....

Your spell library contained the following spells:

 Spells                   Type           Power        Failure   Level  Hunger
 Animate Skeleton         Necr           N/A          10%         1    ##.....
 Apportation              Tloc           #.....       10%         1    ##.....
 Confusing Touch          Hex            #.....       10%         1    ##.....
 Summon Small Mammal      Summ           #...         10%         1    ##.....
 Passwall                 Tmut/Erth      #.......     14%         2    ###....
 Stone Arrow              Conj/Erth      #.....       26%         3    ####...
 Petrify                  Tmut/Erth      #.......     63%         4    #####..
 Lee's Rapid Deconstruct  Erth           #.........   90%         5    ######.


Dungeon Overview and Level Annotations

Branches:
Dungeon (8/15)             Temple (1/1) D:7
   Lair: D:8-11

Altars:
Ashenzari
Cheibriados
Dithmenos
Elyvilon
Fedhas
Gozag
Hepliaklqana
Kikubaaqudgha
Makhleb
Nemelex Xobeh
Okawaru
Qazlal
Ru
Sif Muna
Trog
Uskayaw
Vehumet
Wu Jian
Xom
Yredelemnul
Zin
The Shining One

Shops:
D:7 [


Innate Abilities, Weirdness & Mutations

You cannot wear most types of armour.
You are very stealthy in the water. (Stealth+)
You are amphibious.
You can wear up to eight rings at the same time.
You can use your tentacles to constrict eight enemies at once.
Your skin changes colour to match your surroundings (Stealth+).
Your rubbery body absorbs attacks. (AC +1, EV +1)


Message History

Aim: an orc warrior, wielding a trident and wearing a chain mail (unusually The blast of sand hits the orc warrior.
I - 264 stones Evoke which item? (* to show all) (? for menu, Esc to quit)
Aiming: Corrosive Bolt
Press: ? - help, Shift-Dir - straight line, f/p - orc warrior
Aim: an orc warrior, wielding a trident and wearing a chain mail (unusually The bolt of acid hits the orc warrior.
The orc warrior is splashed with acid.
The acid corrodes the orc warrior!
The orc warrior is heavily wounded.
The orc warrior hits you from afar with a trident!!
Ouch! That really hurt!
* * * LOW HITPOINT WARNING * * *
Evoke which item? (* to show all) (? for menu, Esc to quit)
Aiming: Corrosive Bolt
Press: ? - help, Shift-Dir - straight line, f/p - orc warrior
Aim: an orc warrior, wielding a trident and wearing a chain mail (heavily The bolt of acid misses the orc warrior.
The orc warrior hits you from afar with a trident!!
You die...

██.≈≈..█+█.o≈≈..§⌠..o
█∩.≈≈).█ █.§§≈.o⌠o⌠..
█.≈≈).██ █..≈§ooo..§
█.≈..██ █..≈≈≈§≈≈≈
█.≈.██ ██......§§
█.≈.█████████'███'███
█.≈...o......██.....█
█.≈≈≈≈≈≈≈≈≈≈..██.∩.██
█...@......≈≈..██ ██.
██████████..≈≈..███).
██..≈≈.....≈
██..≈≈≈≈≈≈≈
██........


█████████ You could see an orc warrior.

Vanquished Creatures
  Joseph (D:7)
  Duvessa (D:4)
  2 sky beasts
  An orc warrior (D:7)
  2 ice beasts
  2 ogres
  2 centaurs
  2 necrophages
  A phantom (D:7)
  2 bullfrogs (D:6)
  11 scorpions
  Dowan (D:4)
  A water moccasin skeleton (D:7)
  3 crimson imps
  A centaur zombie (Ossuary)
  A hound (D:4)
  5 human zombies (Ossuary)
  Crazy Yiuf (D:3)
  2 orc priests (D:7)
  2 iguanas (D:7)
  A worker ant (D:4)
  Natasha (twice) (D:4)
  6 orc wizards
  2 hound skeletons (D:4)
  3 mummies (Ossuary)
  3 scorpion zombies (Ossuary)
  9 adders
  2 shadow imps
  3 oozes
  3 worms
  3 dart slugs
  3 leopard geckos
  38 orcs
  5 bats
  4 giant cockroaches
  8 goblins
  2 hobgoblins
  17 jackals
  A quokka (D:6)
  A ball python (D:5)
  8 frilled lizards
  A gnoll zombie (Ossuary)
  2 goblin zombies (Ossuary)
  A hobgoblin zombie (Ossuary)
  A jackal skeleton (D:5)
  3 kobolds
  A kobold zombie (Ossuary)
  2 orc zombies (Ossuary)
  A quokka skeleton (D:5)
  6 rats
186 creatures vanquished.

Notes
Turn   | Place    | Note
-------+----------+-------------------------------------------
     0 | D:1      | nht the Octopode Assassin began the quest for the Orb.
     0 | D:1      | Reached XP level 1. HP: 14/14 MP: 1/1
    54 | D:1      | Reached XP level 2. HP: 19/19 MP: 2/2
   618 | D:2      | Reached skill level 3 in Short Blades
   618 | D:2      | Reached XP level 3. HP: 22/24 MP: 3/3
   690 | D:2      | Noticed a centaur
   701 | D:2      | Killed a centaur
   701 | D:2      | Reached skill level 1 in Shields
   701 | D:2      | Reached XP level 4. HP: 17/29 MP: 4/4
   701 | D:2      | Reached XP level 5. HP: 20/34 MP: 5/5
   759 | D:2      | Reached skill level 4 in Short Blades
   849 | D:2      | Found a shimmering altar of Xom.
   849 | D:2      | Found a shimmering altar of Xom.
   897 | D:2      | Found a shimmering altar of Xom.
  1391 | D:3      | Found a hazy altar of Hepliaklqana.
  1818 | D:3      | Found a runed door.
  1894 | D:3      | Found a blossoming altar of Fedhas.
  2038 | D:3      | Noticed Crazy Yiuf
  2042 | D:3      | Killed Crazy Yiuf
  2042 | D:3      | Reached XP level 6. HP: 39/39 MP: 6/6
  2069 | D:4      | Found a sand-covered staircase.
  2087 | Ossuary  | Entered an ossuary
  2141 | Ossuary  | Reached skill level 5 in Short Blades
  2331 | Ossuary  | Reached XP level 7. HP: 31/45 MP: 7/7
  2559 | Ossuary  | Reached skill level 6 in Short Blades
  2859 | Ossuary  | Reached skill level 7 in Short Blades
  3097 | Ossuary  | Reached XP level 8. HP: 37/50 MP: 8/8
  3215 | D:4      | Reached skill level 8 in Short Blades
  3376 | D:4      | Noticed Duvessa
  3380 | D:4      | Noticed Dowan
  3402 | D:4      | Killed Dowan
  3406 | D:4      | Killed Duvessa
  3506 | D:4      | Reached skill level 9 in Short Blades
  3528 | D:4      | Found a glowing silver altar of Zin.
  3528 | D:4      | Noticed Natasha
  3532 | D:4      | Killed Natasha
  3619 | D:5      | Entered Level 5 of the Dungeon
  3984 | D:5      | Found the +3 crown of Dyrovepreva {rElec Int+2 SInv}
  4193 | D:6      | Found a white marble altar of Elyvilon.
  4242 | D:6      | Reached skill level 10 in Short Blades
  4242 | D:6      | Reached XP level 9. HP: 54/54 MP: 9/9
  4369 | D:6      | Found an ornate altar of the Wu Jian Council.
  4514 | D:6      | Learned a level 1 spell: Sandblast
  4867 | D:4      | Noticed Natasha
  4879 | D:4      | Killed Natasha
  5328 | D:7      | Found a snail-covered altar of Cheibriados.
  5418 | D:7      | Reached skill level 5 in Dodging
  5500 | D:7      | Found a staircase to the Ecumenical Temple.
  5522 | Temple   | Entered the Ecumenical Temple
  5663 | Temple   | Became a worshipper of Ashenzari the Shackled
  5729 | D:7      | Reached skill level 1 in Maces & Flails
  5825 | D:7      | Noticed Joseph
  6068 | D:7      | Killed Joseph
  6199 | D:7      | Reached skill level 5 in Maces & Flails
  6242 | D:7      | Found Hetig's Armour Shoppe.
  6780 | D:8      | Found a flagged portal.
  6784 | Bailey   | Entered a bailey
  6951 | Bailey   | Noticed an orc knight
  6958 | Bailey   | Noticed an orc knight
  7115 | Bailey   | Mangled by an orc warrior

Vault maps used:
D:1:      minmay_arrival_four_loops, serial_bayou_crossing
D:2:      xom_redecorated
D:3:      lemuel_crystal_altar, lemuel_coloured_pillars_altar, minmay_ruptured,
          uniq_crazy_yiuf_cottage
D:4:      lemuel_round_altar, first_ration, nicolae_ossuary_entry_monument,
          uniq_natasha, uniq_duvessa
D:5:      kennysheep_big_flooded_room
D:6:      kennysheep_little_box, old_standard_altar
D:7:      temple_green, basic_altar, serial_shops, nicolae_shop_statue_plus,
          uniq_joseph
D:8:      enter_bailey_1
Temple:   nicolae_temple_elliptical
Ossuary:  ossuary_minmay_scorpions
Bailey:   bailey_polearm_1, bailey

Skill      XL: |  1  2  3  4  5  6  7  8  9 |
---------------+----------------------------+-----
Short Blades   | 3 4 5 7 10 | 10.0
Stealth        | 6 7 |  7.0
Shields        | 1 2 3 4 |  4.0
Dodging        | 5 |  5.4
Maces & Flails | 5 |  5.5
Fighting       | |  2.0
Throwing       | |  2.0
Earth Magic    | |  0.3

Action                   |  1- 3 |  4- 6 |  7- 9 || total
-------------------------+-------+-------+-------++-------
Melee: Dagger            |    38 |   116 |   501 ||   655
       Constrict         |     9 |    20 |    82 ||   111
       Tentacles         |     7 |    28 |    95 ||   130
       Whip              |       |       |    19 ||    19
Throw: Javelin           |     6 |       |     4 ||    10
 Cast: Sandblast         |       |       |    15 ||    15
Invok: Curse Item        |       |       |     6 ||     6
Evoke: Wand              |       |       |     5 ||     5
  Use: Potion            |     3 |       |     8 ||    11
       Scroll            |     2 |     8 |     7 ||    17
 Stab: Sleeping          |     9 |    14 |    22 ||    45
  Eat: Chunk             |       |     4 |     9 ||    13
       Ration            |       |       |     2 ||     2
Armor: Skin              |    12 |     9 |    62 ||    83
Dodge: Dodged            |    14 |    37 |   104 ||   155
Block: Buckler           |     5 |    18 |   105 ||   128

Table legend:
 A = Non-vault XP
 B = Vault XP
 C = Vault XP percentage of total XP
 D = Non-vault monster count
 E = Vault monster count
 F = Vault count percentage of total count
                 A         B        C        D         E       F
            +---------+---------+-------+---------+---------+-------
      Total |    2824 |    1802 |  39.0 |     139 |      47 |  25.3
            +---------+---------+-------+---------+---------+-------
        D:1 |      31 |       0 |   0.0 |      16 |       0 |   0.0
        D:2 |     175 |       0 |   0.0 |      17 |       0 |   0.0
        D:3 |      73 |      52 |  41.6 |      24 |       2 |   7.7
        D:4 |     400 |     249 |  38.4 |      20 |       3 |  13.0
        D:5 |     331 |       0 |   0.0 |      14 |       0 |   0.0
        D:6 |     706 |       0 |   0.0 |      17 |       0 |   0.0
        D:7 |    1108 |     450 |  28.9 |      31 |       1 |   3.1
    Ossuary |       0 |    1015 | 100.0 |       0 |      29 | 100.0
     Bailey |       0 |      36 | 100.0 |       0 |      12 | 100.0
            +---------+---------+-------+---------+---------+-------
